 Dungeon Crawl Stone Soup version 0.31-a0-188-g5e087ee2ca (webtiles) character file.

Game seed: 11096603398605739897

70 qw the Shooter (level 4, 0/25 HPs)
             Began as a Deep Elf Hunter on June 23, 2023.
             Slain by a gnoll
             ... wielding a +0 halberd
              (3 damage)
             ... on level 2 of the Dungeon.
             The game lasted 00:00:23 (894 turns).

qw the Shooter (Deep Elf Hunter)                     Turns: 894, Time: 00:00:24

Health: 0/25       AC:  3    Str: 10    XL:     4   Next: 4%
Magic:  6/6        EV: 12    Int: 14    God:
Gold:   148        SH:  0    Dex: 18    Spells: 3/3 levels left

rFire   . . .        Y - +0 shortbow
rCold   . . .        (shield currently unavailable)
rNeg    . . .        c - +0 leather armour
rPois   .            (no helmet)
rElec   .            (no cloak)
rCorr   .            (no gloves)
SInv    .            (no boots)
Will    .....        (no amulet)
Stlth   ++           (no ring)
HPRegen 0.24/turn    (no ring)
MPRegen 0.10/turn

%: no passive effects
@: no status effects
A: no striking features
a: no special abilities


You were on level 2 of the Dungeon.
You visited 1 branch of the dungeon, and saw 2 of its levels.

You collected 148 gold pieces.


   Skills:
 - Level 1.5 Fighting
 + Level 7.4 Ranged Weapons
 - Level 2.4 Dodging
 - Level 1.2 Stealth


You had 3 spell levels left.
You didn't know any spells.
Your spell library was empty.

Inventory:

Hand Weapons
 Y - a +0 shortbow (weapon)
Armour
 c - a +0 leather armour (worn)
Scrolls
 d - a scroll of teleportation {unknown}
 e - a scroll of silence {unknown}
 f - a scroll of fear {unknown}
Potions
 a - a potion of enlightenment {unknown}
 b - 2 potions of attraction {unknown}

Dungeon Overview and Level Annotations

Branches:
Dungeon (2/15)

Altars:

Shops:
D:2 :


Message History

You hear a shout! x3
You shoot an arrow. The arrow hits the kobold.
You kill the kobold!
You hear a shout!
A gnoll comes into view. It is wielding a +0 spear.
You shoot an arrow. The arrow hits the gnoll.
The gnoll is lightly wounded.
A gnoll comes into view. It is wielding a +0 halberd.
887 ||| Stepping ~*~*~tactically~*~*~ (outnumbered).
A gnoll comes into view. It is wielding a +0 club.
Enter note:
Enter note:
Enter note: You shoot an arrow.
The arrow hits the gnoll!
The gnoll is severely wounded.
A gnoll comes into view. It is wielding a +0 whip.
You shoot an arrow. The arrow hits the gnoll.
The gnoll is almost dead.
The gnoll hits you with a +0 club.
You shoot an arrow. The arrow hits the gnoll.
You kill the gnoll!
You have reached level 4!
You feel clever.
You shoot an arrow. The arrow hits the gnoll!
The gnoll is heavily wounded.
The gnoll closely misses you. The gnoll completely misses you.
You shoot an arrow. The arrow closely misses the gnoll.
The gnoll misses you.
The gnoll hits you from afar with a +0 halberd!
The gnoll closely misses you. The gnoll completely misses you.
The gnoll hits you but does no damage. The gnoll barely misses you.
You shoot an arrow. The arrow closely misses the gnoll.
The gnoll barely misses you.
The gnoll hits you from afar with a +0 halberd!
Ouch! That really hurt!
The gnoll barely misses you.
You shoot an arrow.
The arrow hits the gnoll but does no damage.
The gnoll is heavily wounded.
The gnoll hits you from afar with a +0 halberd.
You die...

#.# #..#
#.# ##
##.# #.#
#.# #.#
#.# # #)#
#.# #.#
#. #g#
#.# #.##
#. #g##.#
#<.# #..
#.#.#
##.#
#..##g##
#.#
#.g)@#.#
#.#
#..#.g###
#.##.
#...
#####.##
#.#.#
#....%.#
#. ##
#.###.##
.. #.#
#.# # ..
#.# #.#.#
.#. #.#
#...


You could see 3 gnolls.

Vanquished Creatures
  2 gnolls
  An adder (D:2)
  A dart slug (D:1)
  4 ball pythons
  3 bats (D:1)
  4 endoplasms (D:1)
  3 giant cockroaches
  2 goblins (D:1)
  2 hobgoblins (D:1)
  4 jackals (D:2)
  6 kobolds
  2 quokkas (D:1)
  A frilled lizard (D:1)
  3 rats (D:1)
  A butterfly (D:1)
39 creatures vanquished.

Notes
Turn   | Place    | Note
-------+----------+-------------------------------------------
     0 | D:1      | qw the Deep Elf Hunter began the quest for the Orb.
     0 | D:1      | Reached XP level 1. HP: 12/12 MP: 3/3
     0 | D:1      | 0 ||| qw: Version: 0.3-a-9-g12657ce
     0 | D:1      | 0 ||| qw: Game counter: 3201
     0 | D:1      | 0 ||| qw: Always use a shield: true
     0 | D:1      | 0 ||| qw: God list: Okawaru
     0 | D:1      | 0 ||| qw: Allow faded altars: false
     0 | D:1      | 0 ||| qw: Do Orc after D:15 true
     0 | D:1      | 0 ||| qw: Do second Lair branch before Depths: true
     0 | D:1      | 0 ||| qw: Lair rune preference: random
     0 | D:1      | 0 ||| qw: Plans: Normal
     0 | D:1      | 0 ||| PLANNING D:1-11
    53 | D:1      | Reached XP level 2. HP: 16/16 MP: 4/4
    68 | D:1      | Reached skill level 6 in Ranged Weapons
   368 | D:1      | You fall into a shaft and drop 1 floor!
   377 | D:2      | Found Donwoox's Book Shoppe.
   378 | D:2      | 378 ||| READING scroll labelled LAN EHOXKYU.
   379 | D:2      | 379 ||| DROPPING scroll of butterflies.
   456 | D:1      | Reached XP level 3. HP: 20/20 MP: 5/5
   777 | D:2      | Reached skill level 7 in Ranged Weapons
   887 | D:2      | 887 ||| Stepping ~*~*~tactically~*~*~ (outnumbered).
   891 | D:2      | Reached XP level 4. HP: 23/25 MP: 6/6
   893 | D:2      | HP: 3/25 [gnoll/+0 halberd (13)]
   894 | D:2      | Slain by a gnoll

Levels and vault maps discovered:
D:1:      spicycebolla_arrival_clurvy, layout_basic, minmay_octomino_j4
D:2:      wad_crossroads, layout_loops_ring,
          hellmonk_ecumenical_altar_watching_god, serial_shops, shop,
          mrwooster_statue_mirror

Skill      XL: |  1  2  3 |
---------------+----------+-----
Ranged Weapons | 6 7 |  7.4
Fighting       | |  1.5
Dodging        | |  2.4
Stealth        | |  1.2

Action                     |  1- 3 |  4- 6 || total
---------------------------+-------+-------++-------
   Fire: Shortbow          |    99 |     4 ||   103
    Use: Scroll            |     1 |       ||     1
 Armour: Leather armour    |     9 |     1 ||    10
  Dodge: Dodged            |    14 |     8 ||    22

Table legend:
 A = Non-vault XP
 B = Vault XP
 C = Vault XP percentage of total XP
 D = Non-vault monster count
 E = Vault monster count
 F = Vault count percentage of total count
                 A         B        C        D         E       F
            +---------+---------+-------+---------+---------+-------
      Total |      85 |      16 |  15.8 |      34 |       4 |  10.5
            +---------+---------+-------+---------+---------+-------
        D:1 |      55 |       2 |   3.5 |      25 |       2 |   7.4
        D:2 |      30 |      14 |  31.8 |       9 |       2 |  18.2
            +---------+---------+-------+---------+---------+-------
